 Dungeon Crawl Stone Soup version 0.31.0-1-g2c135a0 (webtiles) character file.

Game seed: 5475113849797664374

1775 jagoly the Chopper (level 9, -1/57 HPs)
             Began as a Gargoyle Monk on Jan 27, 2024.
             Was a Believer of the Shining One.
             Slain by a wight
             ... wielding a +3 falchion
              (4 damage)
             ... on level 5 of the Dungeon.
             The game lasted 00:17:00 (2421 turns).

jagoly the Chopper (Gargoyle Monk)                  Turns: 2421, Time: 00:17:01

Health: -1/57      AC: 12    Str: 20    XL:     9   Next: 7%
Magic:  9/9        EV: 11    Int: 10    God:    the Shining One [**....]
Gold:   286        SH:  5    Dex: 12    Spells: 8/8 levels left

rFire   . . .        a - +0 war axe
rCold   . . .        d - orb {light}
rNeg    + + .        n - +0 ring mail
rPois   ∞            (no helmet)
rElec   +            (no cloak)
rCorr   .            (no gloves)
SInv    .            (no boots)
Will    .....        t - amulet of reflection
Stlth   +            C - +4 ring of slaying
HPRegen 0.29/turn    (no ring)
MPRegen 0.11/turn

%: reflection
@: glowing
A: sickness immunity, AC +6, negative energy resistance 1, electricity
resistance, torment resistance 1, petrification resistance
a: Renounce Religion, Divine Shield


You were on level 5 of the Dungeon.
You worshipped the Shining One.
The Shining One was pleased with you.
You visited 2 branches of the dungeon, and saw 9 of its levels.

You collected 286 gold pieces.

Inventory:

Hand Weapons
 a - a +0 war axe (weapon)
 b - a +1 sling of freezing
 s - a +2 spear of venom
 w - a +3 trident
Missiles
 i - 9 stones (quivered)
 u - 3 boomerangs
Armour
 d - an orb of light (worn)
 e - a +0 chain mail
 l - a +0 robe
 m - a +0 leather armour
 n - a +0 ring mail (worn)
 r - a +2 robe of fire resistance
Jewellery
 t - an amulet of reflection (around neck)
 y - a ring of fire
 C - a +4 ring of slaying (left hand)
Wands
 q - a wand of digging (6)
Scrolls
 g - a scroll of amnesia {unknown}
 h - a scroll of silence {unknown}
 j - 3 scrolls of identify {unknown}
 p - 3 scrolls of teleportation {unknown}
 v - 2 scrolls of vulnerability {unknown}
Potions
 c - a potion of ambrosia
 f - a potion of curing {unknown}
 k - 2 potions of haste {unknown}
 o - 2 potions of heal wounds {unknown}
 x - a potion of degeneration {unknown}
 z - a potion of lignification {unknown}
 A - a potion of resistance {unknown}
 B - a potion of brilliance {unknown}
 D - a potion of attraction {unknown}


   Skills:
 + Level 7.0 Fighting
 * Level 7.9 Axes
 + Level 5.2 Armour
 - Level 3.0 Dodging
 - Level 2.0 Stealth


You had 8 spell levels left.
You didn't know any spells.
Your spell library contained the following spells:

 Spells                   Type           Power      Damage    Failure   Level
 Summon Lightning Spire   Summ/Air       0%         N/A       99%         4
 Iskenderun's Battlesphe  Conj           0%         2d6       100%        5
 Summon Mana Viper        Hex/Summ       0%         N/A       100%        5
 Bombard                  Conj/Erth      0%         9d1       100%        6
 Haunt                    Necr/Summ      0%         N/A       100%        7
 Spellforged Servitor     Conj/Summ      0%         N/A       100%        7


Dungeon Overview and Level Annotations

Branches:
Dungeon (8/15) Zot: 26548  Temple (1/1) D:6 Zot: 5969
   Lair: D:8-11

Altars:
Cheibriados
Dithmenos
Elyvilon
Fedhas
Gozag
Hepliaklqana
Kikubaaqudgha
Makhleb
Nemelex Xobeh
Okawaru
Qazlal
Ru
Sif Muna
Trog
Vehumet
Wu Jian
Zin
The Shining One

Shops:
D:8 [

Annotations:
D:4 exclusion: steam dragon
D:5 3 runed translucent doors, cpf86's ghost, novice AtFi


Innate Abilities, Weirdness & Mutations

You are immune to sickness and miasma.
Your stone body is resilient. (AC +6)
You are immune to poison.
You resist negative energy. (rN+)
You are resistant to electric shocks. (rElec)
You are resistant to unholy torment.
You are immune to petrification.


Message History

Found a robe.
v - 2 scrolls labelled PUIBURPH MYKI (gained 1) HP restored.
You see here a +0 robe.
Found an iron ring.
C - a +4 ring of slaying
C - a +4 ring of slaying (left hand)
Found a purple potion.
An ice beast comes into view.
Found a scroll labelled QIMER JOX QOHO.
You slash the ice beast!
The ice beast is moderately wounded.
The ice beast hits you but does no damage.
You slash the ice beast!
The ice beast is severely wounded.
The ice beast misses you.
You slash the ice beast!
You kill the ice beast!
No target in view!
k - 2 purple potions (gained 1)
p - 3 scrolls labelled QIMER JOX QOHO (gained 1)
Found a stone staircase leading down.
Unknown command.
There is a stone staircase leading down here.
You climb downwards.
Found Umuqedyz's Armour Emporium.
There is a stone staircase leading up here.
The wight barely misses you.
You climb upwards.
There is a stone staircase leading down here.
You hit the wight but do no damage. The wight barely misses you.
The wight closely misses you.
You hit the wight.
The wight is lightly damaged.
The wight hits you with a +0 long sword.
You hit the wight.
The wight is moderately damaged.
The wight hits you with a +0 long sword!
You hit the wight.
The wight is moderately damaged.
The wight hits you but does no damage.
You hit the wight but do no damage.
The wight is moderately damaged.
The wight hits you with a +0 long sword!
You slash the wight!
The wight is almost destroyed.
The wight completely misses you.
You barely miss the wight.
The wight is almost destroyed.
The wight hits you with a +0 long sword.
The wight hits you but does no damage.
You slash the wight!
You destroy the wight!
Your Axes skill increases to level 7!
No target in view!
No target in view!
Things that are here:
a +0 long sword; a +0 robe
Found a whip.
A gnoll comes into view. It is wielding a +0 spear.
The gnoll shouts!
You hear a shout!
Throw: 18 stones
Press: ? - help, Q - select action, (/) - cycle Shift-Dir - straight line, f - gnoll
Aim: a gnoll, wielding a +0 spear (66% to hit)
You throw a stone. The stone hits the gnoll.
The gnoll is moderately wounded.
Throw: 17 stones
Press: ? - help, Q - select action, (/) - cycle Shift-Dir - straight line, f/p - gnoll
Aim: a gnoll, wielding a +0 spear (moderately wounded, 66% to hit)
You throw a stone. The stone hits the gnoll.
The gnoll is moderately wounded.
A gnoll bouda comes into view. It is wielding a +0 club.
Throw: 16 stones
Press: ? - help, Q - select action, (/) - cycle Shift-Dir - straight line, f/p - gnoll
Aim: a gnoll, wielding a +0 spear (moderately wounded, haloed, 83% to hit)
You throw a stone. The stone hits the gnoll.
The gnoll is heavily wounded.
The gnoll hits you but does no damage. The gnoll attacks as it pursues you!
The gnoll hits you from afar with a +0 spear.
The gnoll hits you with a +0 spear.
You slash the gnoll!
You kill the gnoll!
A jelly comes into view.
Throw: 15 stones
Press: ? - help, Q - select action, (/) - cycle Shift-Dir - straight line, f - gnoll bouda
Aim: a gnoll bouda, wielding a +0 club and wearing a +0 robe (haloed, 83% to hit)
You throw a stone. The stone hits the gnoll bouda.
The gnoll bouda is lightly wounded.
The gnoll bouda gazes fiercely through you!
You feel your attacks grow feeble.
You hit the gnoll bouda.
The gnoll bouda is lightly wounded.
The gnoll bouda hits you with a +0 club.
* * * LOW HITPOINT WARNING * * *
You are too injured to fight recklessly!
You are too injured to fight recklessly!
Cleave: a) +0 war axe
Press: ? - help, Dir - move target, f/p - gnoll bouda
Aim: a gnoll bouda, wielding a +0 club and wearing a +0 robe (lightly wounded, haloed, about 15% to evade your +0 war axe)
You hit the gnoll bouda but do no damage.
The gnoll bouda is lightly wounded.
The gnoll bouda gazes fiercely through you!
You feel as though you will be weak longer.
The gnoll bouda barely misses you.
Cleave: a) +0 war axe
Press: ? - help, Dir - move target, f/p - gnoll bouda
Aim: a gnoll bouda, wielding a +0 club and wearing a +0 robe (lightly wounded, haloed, about 15% to evade your +0 war axe)
You barely miss the gnoll bouda.
The gnoll bouda is lightly wounded.
The gnoll bouda gazes fiercely through you!
You feel as though you will be weak longer.
The gnoll bouda hits you with a +0 club.
* * * LOW HITPOINT WARNING * * *
Cleave: a) +0 war axe
Press: ? - help, Dir - move target, f/p - gnoll bouda
Aim: a gnoll bouda, wielding a +0 club and wearing a +0 robe (lightly wounded, haloed, about 15% to evade your +0 war axe)
You hit the gnoll bouda.
The gnoll bouda is lightly wounded.
The gnoll bouda barks out a call to the hunt!
You hear a shout!
Cleave: a) +0 war axe
Press: ? - help, Dir - move target, f/p - gnoll bouda
Aim: a gnoll bouda, wielding a +0 club and wearing a +0 robe (lightly wounded, haloed, about 15% to evade your +0 war axe)
You hit the gnoll bouda.
The gnoll bouda is moderately wounded.
A gnoll comes into view. It is wielding a +0 flail.
The gnoll bouda hits you with a +0 club.
* * * LOW HITPOINT WARNING * * *
The gnoll moves out of view.
Cleave: a) +0 war axe
Press: ? - help, Dir - move target, f/p - gnoll bouda
Aim: a gnoll bouda, wielding a +0 club and wearing a +0 robe (moderately wounded, haloed, about 15% to evade your +0 war axe)
Okay, then.
Aiming: Bolt of Light
Press: ? - help, Shift-Dir - straight line, f/p - gnoll bouda
Aim: a gnoll bouda, wielding a +0 club and wearing a +0 robe (moderately wounded, haloed, 83% to hit)
The bolt of light hits the gnoll bouda!
The gnoll bouda is severely wounded.
The gnoll bouda is blinded.
The bolt of light hits the jelly!
The jelly is almost dead.
The gnoll bouda closely misses you.
A gnoll comes into view. It is wielding a +0 spear.
The gnoll shouts!
The gnoll barely misses you. The gnoll misses you.
The gnoll attacks as it pursues you! The gnoll closely misses you.
The gnoll attacks as it pursues you! The gnoll barely misses you.
The gnoll attacks as it pursues you! The gnoll hits you but does no damage.
The gnoll closely misses you.
Your attacks no longer feel as feeble.
There is a stone staircase leading down here.
Unknown command.
Unknown command.
Aiming: Bolt of Light
Press: ? - help, Shift-Dir - straight line, f - gnoll
Aim: a gnoll, wielding a +0 flail (covering ground quickly, haloed, 83% to hit)
The bolt of light hits the gnoll!
The gnoll is almost dead.
The gnoll is blinded.
The bolt of light hits the jelly!
You kill the jelly!
The bolt of light hits the gnoll bouda!
You kill the gnoll bouda!
The now-empty wand crumbles to dust.
Cleave: a) +0 war axe
Press: ? - help, Dir - move target, f/p - gnoll
Aim: a gnoll, wielding a +0 flail (almost dead, covering ground quickly, blind, unable to see you, haloed, about 15% to evade your +0 war axe)
You slash the gnoll!
You kill the gnoll!
The gnoll closely misses you.
Cleave: a) +0 war axe
Press: ? - help, Dir - move target, f - gnoll
Aim: a gnoll, wielding a +0 spear (haloed, about 15% to evade your +0 war axe)
You slice the gnoll!!
You kill the gnoll!
Cleave: a) +0 war axe
Press: ? - help, Dir - move target, f - you That would be overly suicidal.
Okay, then.
Unknown command.
Unknown command.
Things that are here:
a +0 spear; a gnoll corpse
Things that are here:
a +0 club; a +0 robe; a gnoll corpse
Things that are here:
a +0 spear; a gnoll corpse An iguana comes into view.
A black bear comes into view.
Cleave: a) +0 war axe
Press: ? - help, Dir - move target, f - iguana
Aim: an iguana (haloed, about 15% to evade your +0 war axe)
You slash the iguana!
The iguana is severely wounded.
The iguana bites you but does no damage.
Cleave: a) +0 war axe
Press: ? - help, Dir - move target, f/p - iguana
Aim: an iguana (severely wounded, haloed, about 15% to evade your +0 war axe)
You slash the iguana!
You kill the iguana!
Found 18 gold pieces.
You now have 278 gold pieces (gained 18).
The black bear growls angrily.
A black bear is nearby!
A black bear is nearby!
Okay, then.
Throw: 14 stones
Press: ? - help, Q - select action, (/) - cycle Shift-Dir - straight line, f - black bear
Aim: a black bear (70% to hit)
You throw a stone. The stone hits the black bear.
The black bear is lightly wounded.
Throw: 13 stones
Press: ? - help, Q - select action, (/) - cycle Shift-Dir - straight line, f/p - black bear
Aim: a black bear (lightly wounded, haloed, 87% to hit)
You throw a stone. The stone hits the black bear.
The black bear is lightly wounded.
Throw: 12 stones
Press: ? - help, Q - select action, (/) - cycle Shift-Dir - straight line, f - you Really target yourself?
Okay, then.
Throw: 12 stones
Press: ? - help, Q - select action, (/) - cycle Shift-Dir - straight line, f - black bear
Aim: a black bear (lightly wounded, haloed, 87% to hit)
You throw a stone. The stone hits the black bear.
The black bear is lightly wounded.
Cleave: a) +0 war axe
Press: ? - help, Dir - move target, f/p - black bear
Aim: a black bear (lightly wounded, haloed, about 12% to evade your +0 war axe)
You slash the black bear!
The black bear is heavily wounded.
The black bear bites you but does no damage.
The black bear claws you but does no damage. x2
Cleave: a) +0 war axe
Press: ? - help, Dir - move target, f/p - black bear
Aim: a black bear (heavily wounded, haloed, about 12% to evade your +0 war axe)
You hit the black bear.
The black bear is heavily wounded.
The black bear bites you. The black bear claws you.
The black bear claws you but does no damage.
Cleave: a) +0 war axe
Press: ? - help, Dir - move target, f/p - black bear
Aim: a black bear (heavily wounded, haloed, about 12% to evade your +0 war axe)
You slash the black bear!
The black bear is almost dead.
The black bear goes berserk!
The black bear barely misses you.
The black bear claws you but does no damage.
The black bear claws you.
* * * LOW HITPOINT WARNING * * *
Cleave: a) +0 war axe
Press: ? - help, Dir - move target, f/p - black bear
Aim: a black bear (almost dead, berserk, haloed, about 12% to evade your +0 war axe)
You slash the black bear!
You kill the black bear!
You see here a black bear corpse.
Found a stone staircase leading up. 3 gnolls come into view.
A gnoll is wielding a +2 spear of venom.
The gnoll shouts! x3
There is a stone staircase leading up here.
Throw: 11 stones
Press: ? - help, Q - select action, (/) - cycle Shift-Dir - straight line, f - gnoll
Aim: a gnoll, wielding a +0 club (haloed, 83% to hit)
You throw a stone. The stone hits the gnoll.
The gnoll is heavily wounded.
Throw: 10 stones
Press: ? - help, Q - select action, (/) - cycle Shift-Dir - straight line, f/p - gnoll
Aim: a gnoll, wielding a +0 club (heavily wounded, haloed, 83% to hit)
You throw a stone. The stone hits the gnoll.
The gnoll is heavily wounded.
You slash the gnoll!
You kill the gnoll!
The gnoll barely misses you.
The gnoll hits you with a +2 spear of venom.
You see here a +0 club.
Cleave: a) +0 war axe
Press: ? - help, Dir - move target, f - gnoll
Aim: a gnoll, wielding a +0 halberd (haloed, about 15% to evade your +0 war axe)
You hit the gnoll.
The gnoll is lightly wounded.
You hit the gnoll. The gnoll closely misses you.
The gnoll hits you but does no damage.
Cleave: a) +0 war axe
Press: ? - help, Dir - move target, f/p - gnoll
Aim: a gnoll, wielding a +0 halberd (lightly wounded, haloed, about 15% to evade your +0 war axe)
You slash the gnoll!
You kill the gnoll!
You hit the gnoll. The gnoll hits you but does no damage.
Cleave: a) +0 war axe
Press: ? - help, Dir - move target, f - gnoll
Aim: a gnoll, wielding a +2 spear of venom (severely wounded, haloed, about 15% to evade your +0 war axe)
You slash the gnoll!
You kill the gnoll!
You see here a +2 spear of venom.
s - a +2 spear of venom You see here a +0 club.
There is a stone staircase leading up here.
You climb upwards.
There is a stone staircase leading down here.
Found a staircase to the Ecumenical Temple.
The iguana hisses angrily.
There is a staircase to the Ecumenical Temple here.
You climb downwards.
Welcome to the Ecumenical Temple!
Found eight altars.
Found a staircase back to the Dungeon.
There is a staircase back to the Dungeon here.
Search for what [? for help]? .
Found a glowing golden altar of the Shining One.
Found a burning altar of Makhleb.
There is a glowing golden altar of the Shining One here.
You kneel at the altar of the Shining One.
The Shining One welcomes you!
You and your allies can now gain power from killing the unholy and evil.
You can now call upon the Shining One for a divine shield.
There is a radiant altar of Vehumet here.
HP restored.
There is a staircase back to the Dungeon here.
You climb upwards.
Welcome back to the Dungeon!
There is a staircase to the Ecumenical Temple here.
There is a stone staircase leading down here.
You climb downwards.
There is a stone staircase leading up here.
You see here a +0 club.
Things that are here:
a +0 halberd; a gnoll corpse A howler monkey comes into view.
The howler monkey howls!
The howler monkey hoots and howls with incredible vigour!
You hear a shout!
The howler monkey hoots and howls with incredible vigour!
You slash the howler monkey!
The howler monkey is moderately wounded.
The howler monkey hits you but does no damage.
You slash the howler monkey!
You kill the howler monkey!
No target in view!
No target in view!
You see here a howler monkey corpse.
There is a stone staircase leading up here.
You climb upwards.
There is a stone staircase leading down here.
You can't go up here!
Found a club.
Found 8 gold pieces.
You now have 286 gold pieces (gained 8).
Found 7 stones.
Found 8 stones.
An orc comes into view. It is wielding a +0 flail.
Found 4 stones.
i - 13 stones (gained 4)
Found a fuming brown potion.
The iguana hisses angrily.
You see here a yellow potion.
o - 2 yellow potions (gained 1)
The iguana closely misses you.
You slash the iguana!
The iguana is severely wounded.
The iguana closely misses you.
You barely miss the iguana.
The iguana is severely wounded.
The iguana bites you.
You hit the iguana but do no damage.
The iguana is severely wounded.
You hit the orc. The iguana barely misses you. The orc misses you.
You hit the iguana.
The iguana is almost dead.
You slash the orc!
You kill the orc!
The iguana misses you.
You barely miss the iguana.
The iguana is almost dead.
The iguana barely misses you.
You hit the iguana.
You kill the iguana!
No target in view!
No target in view!
No target in view!
Things that are here:
a +0 flail; an orc corpse
D - a fuming brown potion A jelly comes into view.
An ice beast comes into view.
The jelly jiggles.
The ice beast moves out of view.
Throw: 13 stones
Press: ? - help, Q - select action, (/) - cycle Shift-Dir - straight line, f - jelly
Aim: a jelly (90% to hit)
You throw a stone. The stone hits the jelly.
The jelly is moderately wounded.
Throw: 12 stones
Press: ? - help, Q - select action, (/) - cycle Shift-Dir - straight line, f/p - jelly
Aim: a jelly (moderately wounded, haloed, 97% to hit)
You throw a stone. The stone hits the jelly.
The jelly is moderately wounded.
Throw: 11 stones
Press: ? - help, Q - select action, (/) - cycle Shift-Dir - straight line, f/p - jelly
Aim: a jelly (moderately wounded, haloed, 97% to hit)
Okay, then.
You slash the jelly!
Your hands burn!
The jelly is almost dead.
The jelly misses you.
You hit the jelly.
You kill the jelly!
You slash the ice beast!
The ice beast is heavily wounded.
The ice beast hits you but does no damage.
You barely miss the ice beast.
The ice beast is heavily wounded.
The ice beast hits you. The ice beast freezes you!
You barely miss the ice beast.
The ice beast is heavily wounded.
You slash the wight! The wight hits you with a +0 flail!
The ice beast closely misses you.
You slash the ice beast!
The ice beast is almost dead.
You barely miss the wight. The wight barely misses you. The ice beast hits you.
The ice beast freezes you!
* * * LOW HITPOINT WARNING * * *
Cleave: a) +0 war axe
Press: ? - help, Dir - move target, f - ice beast
Aim: an ice beast (almost dead, haloed, about 18% to evade your +0 war axe)
You slash the ice beast!
You kill the ice beast!
You barely miss the wight. The wight barely misses you.
Your Armour skill increases to level 5!
You have reached level 9!
Your experience leads to an increase in your attributes!
Increase (S)trength, (I)ntelligence, or (D)exterity?
You feel stronger. x2
Cleave: a) +0 war axe
Press: ? - help, Dir - move target, f - wight
Aim: a wight, wielding a +0 flail and wearing a +0 robe (heavily damaged, haloed, about 18% to evade your +0 war axe)
You slash the wight!
You destroy the wight!
The Shining One accepts your kill.
Things that are here:
a +0 flail; a +0 robe
Press: ? - help, v - describe, . - travel
Here: a wight, wielding a +3 short sword and wearing a +0 robe The floor.
Throw: 11 stones
Press: ? - help, Q - select action, (/) - cycle Shift-Dir - straight line, f - wight
Aim: a wight, wielding a +3 short sword and wearing a +0 robe (63% to hit)
You throw a stone. The stone closely misses the wight.
Throw: 10 stones
Press: ? - help, Q - select action, (/) - cycle Shift-Dir - straight line, f/p - wight
Aim: a wight, wielding a +3 short sword and wearing a +0 robe (haloed, 80% to hit)
You throw a stone.
The stone hits the wight but does no damage.
Unknown command.
The wight attacks as it pursues you!
The wight hits you with a +3 short sword.
* * * LOW HITPOINT WARNING * * *
There is a stone staircase leading up here.
The wight hits you with a +3 short sword.
* * * LOW HITPOINT WARNING * * *
You climb upwards.
Level annotation: 3 runed translucent doors, cpf86's ghost, novice AtFi
There is a stone staircase leading down here.
Cleave: a) +0 war axe
Press: ? - help, Dir - move target, f - wight
Aim: a wight, wielding a +3 short sword and wearing a +0 robe (haloed, about 18% to evade your +0 war axe)
You hit the wight but do no damage. The wight barely misses you.
Cleave: a) +0 war axe
Press: ? - help, Dir - move target, f/p - wight
Aim: a wight, wielding a +3 short sword and wearing a +0 robe (haloed, about 18% to evade your +0 war axe)
You slash the wight!
The wight is heavily damaged.
The wight hits you with a +3 short sword!
* * * LOW HITPOINT WARNING * * *
Cleave: a) +0 war axe
Press: ? - help, Dir - move target, f/p - wight
Aim: a wight, wielding a +3 short sword and wearing a +0 robe (heavily damaged, haloed, about 18% to evade your +0 war axe)
You hit the wight.
The wight is severely damaged.
You hit the wight. The wight hits you with a +3 falchion!
* * * LOW HITPOINT WARNING * * *
The wight misses you.
Cleave: a) +0 war axe
Press: ? - help, Dir - move target, f/p - wight
Aim: a wight, wielding a +3 short sword and wearing a +0 robe (severely damaged, haloed, about 18% to evade your +0 war axe)
You hit the wight.
The wight is almost destroyed.
You hit the wight. The wight hits you but does no damage.
The wight closely misses you.
Cleave: a) +0 war axe
Press: ? - help, Dir - move target, f/p - wight
Aim: a wight, wielding a +3 short sword and wearing a +0 robe (almost destroyed, haloed, about 18% to evade your +0 war axe)
You slash the wight!
You destroy the wight!
The Shining One accepts your kill.
You feel better.
You hit the wight. The wight hits you with a +3 falchion!
* * * LOW HITPOINT WARNING * * *
The wight hits you but does no damage.
Your Fighting skill increases to level 7!
Cleave: a) +0 war axe
Press: ? - help, Dir - move target, f - wight
Aim: a wight, wielding a +3 falchion and wearing a +0 robe (heavily damaged, haloed, about 18% to evade your +0 war axe)
You hit the wight.
The wight is severely damaged.
The wight hits you with a +3 falchion.
You die...

#............#.............
#............#......)......
#............##.....##.....
#.....##.....##.....##.....
#.....##.....##.....#######
#.....##.....##.....##....#
#.............'............
#.........z)..#............
#.........@...#...........#
#.....###.)..##...........#
#.....# #....#########....#
#............##.....##....#
#..........................
#..........................
#..........................
#....####...###.....##....#
#....##########.....##....#


You could see a wight.

Vanquished Creatures
  2 black bears
  2 sky beasts
  3 ice beasts
  A centaur (D:5)
  A phantom (D:5)
  A scorpion (D:5)
  A bullfrog (D:7)
  7 wights
  A howler monkey (D:7)
  3 jellies
  3 hounds
  A gnoll bouda (D:7)
  2 bombardier beetles
  2 iguanas
  An orc wizard (D:5)
  6 gnolls (D:7)
  2 adders
  3 dart slugs
  5 orcs
  6 ball pythons
  2 endoplasms
  A giant cockroach (D:4)
  A goblin (D:4)
  2 hobgoblins (D:1)
  3 kobolds
  3 quokkas
  A bat (D:3)
  A frilled lizard (D:3)
  3 rats
70 creatures vanquished.

Notes
Turn   | Place    | Note
-------+----------+-------------------------------------------
     0 | D:1      | jagoly the Gargoyle Monk began the quest for the Orb.
     0 | D:1      | Reached XP level 1. HP: 14/14 MP: 1/1
    44 | D:1      | Reached XP level 2. HP: 19/19 MP: 2/2
    71 | D:1      | Reached skill level 1 in Stealth
   539 | D:3      | Reached XP level 3. HP: 21/24 MP: 3/3
   607 | D:4      | Reached XP level 4. HP: 29/29 MP: 4/4
   667 | D:4      | Noticed a steam dragon
   733 | D:4      | Noticed a sky beast
   748 | D:4      | Killed a sky beast
   749 | D:4      | Reached XP level 5. HP: 24/34 MP: 5/5
   816 | D:4      | Noticed a black bear
   845 | D:4      | HP: 1/34 [black bear (3)]
   846 | D:4      | Killed a black bear
   847 | D:4      | Reached skill level 1 in Armour
   847 | D:4      | Reached XP level 6. HP: 1/39 MP: 6/6
  1032 | D:5      | Entered Level 5 of the Dungeon
  1163 | D:5      | Reached skill level 5 in Axes
  1187 | D:5      | HP: 1/40 [centaur/arrow (10)]
  1236 | D:5      | Reached skill level 5 in Fighting
  1236 | D:5      | Reached XP level 7. HP: 4/44 MP: 7/7
  1538 | D:5      | Found a runed translucent gate.
  1538 | D:5      | Found a runed translucent gate.
  1541 | D:5      | Found a runed translucent gate.
  1544 | D:5      | Found an opulent altar of Gozag.
  1547 | D:5      | Noticed a yak
  1547 | D:5      | Noticed cpf86's ghost (novice AtFi)
  1817 | D:6      | Got the Textbook on Support
  1830 | D:6      | Reached XP level 8. HP: 24/51 MP: 8/8
  2068 | D:8      | Found Umuqedyz's Armour Emporium.
  2243 | D:6      | Found a staircase to the Ecumenical Temple.
  2248 | Temple   | Entered the Ecumenical Temple
  2263 | Temple   | Became a worshipper of the Shining One
  2263 | Temple   | Reached * piety under the Shining One
  2263 | Temple   | Reached ** piety under the Shining One
  2402 | D:6      | Reached skill level 5 in Armour
  2402 | D:6      | Reached XP level 9. HP: 23/56 MP: 9/9
  2421 | D:5      | Slain by a wight

Illustrated notes

Levels and vault maps discovered:
D:1:      saegor_arrival_simple_a, layout_basic, serial_forest,
          infiniplex_forest_straight_3, infiniplex_forest_clump_tiny,
          infiniplex_forest_lined_room_2, infiniplex_forest_clump_cross
D:2:      layout_basic
D:3:      layout_loops_cross, nicolae_ashenzari_panopticon, serial_forest,
          infiniplex_forest_lined_2, infiniplex_forest_lined_ring,
          infiniplex_forest_lined_room_3, infiniplex_forest_lined_2,
          infiniplex_forest_clump_diagonal, infiniplex_forest_straight_2,
          infiniplex_forest_end_2, ebering_ecumenical_altar_ruins, st_stairs_7
D:4:      layout_basic, chequers_mini_garden
D:5:      layout_gridville, ebering_ghost_gozag, grunt_decor_fettered
D:6:      layout_cave_pools, kennysheep_little_box,
          minmay_temple_entry_from_below_a
D:7:      layout_loops_ring, xom_teletrap_fun, nicolae_zig_zag_zippers
D:8:      layout_cave_pools, dpeg_oklobed_lair, serial_shops,
          nicolae_shop_crystal, minivault_5
Temple:   eino_narrow_crystal_temple

Skill      XL: |  1  2  3  4  5  6  7  8  9 |
---------------+----------------------------+-----
Axes           | 3 4 5 6 7 |  7.9
Stealth        | 1 2 |  2.0
Fighting       | 4 5 6 7 |  7.0
Armour         | 1 2 3 5 |  5.2
Dodging        | 3 |  3.0

Action                     |  1- 3 |  4- 6 |  7- 9 || total
---------------------------+-------+-------+-------++-------
  Melee: Hand axe          |    47 |    37 |       ||    84
         War axe           |       |    26 |   135 ||   161
   Fire: Sling             |    13 |    11 |       ||    24
  Throw: Stone             |       |     9 |    15 ||    24
  Evoke: Wand              |       |     2 |     2 ||     4
    Use: Potion            |       |     1 |       ||     1
 Armour: Robe              |    28 |    12 |       ||    40
         Ring mail         |       |    68 |   110 ||   178
  Dodge: Dodged            |    36 |    64 |    69 ||   169
